 Dungeon Sprint DCSS version 0.27-a0-1139-g28e009f8a6 (webtiles) character file.

Game seed: 16415200148059190679

49087 mhtbhm the Archmage (level 14, -1/68 HPs)
             Began as a Deep Elf Earth Elementalist on May 7, 2021.
             Was the Champion of Vehumet.
             Slain by an Ice Fiend (30 damage)
             ... in the Dungeon (Sprint VII: "The Pits").
             The game lasted 00:21:32 (6157 turns).

mhtbhm the Archmage (Deep Elf Earth Elementalist)   Turns: 6157, Time: 00:21:33

Health: -1/68      AC: 15    Str: 10    XL:     14   Next: 14%
Magic:  23/47      EV: 15    Int: 32    God:    Vehumet [******]
Gold:   45         SH:  0    Dex: 19    Spells: 18/67 levels left

rFire    . . .     SeeInvis .   l - +7 battleaxe of Kilawuoc {flame, rCorr Int+3 Dex+4}
rCold    . . .     Faith    .   (shield currently unavailable)
rNeg     . . .     Spirit   .   c - +0 steam dragon scales
rPois    .         Reflect  .   f - +2 hat {Stlth+}
rElec    .         Harm     .   a - +1 cloak
rCorr    +         Rampage  .   C - +2 pair of gloves {Str+3}
Will     +....     NoTele   +   (no boots)
Stlth    ++++......             z - amulet "Beyph" {Regen+ rCorr Str+2}
HPRegen  1.21/turn              m - +3 ring of intelligence
MPRegen  0.30/turn              n - +3 ring of protection

@: no status effects
A: no striking features
a: Renounce Religion


You were in the Dungeon.
You worshipped Vehumet.
Vehumet was exalted by your worship.
You visited 1 branch You collected 45 gold pieces.

Inventory:

Hand Weapons
 l - the +7 battleaxe of Kilawuoc (weapon) {flame, rCorr Int+3 Dex+4}
   (You found it in the Dungeon)

   It has been specially enchanted to burn those struck by it, causing extra
   injury to most foes and up to half again as much damage against particularly
   susceptible opponents.
   Big, fiery blades are also staple armaments of hydra-hunters.
   It affects your intelligence (+3).
   It affects your dexterity (+4).
   It protects you from acid and corrosion.
Missiles
 b - 48 stones
Armour
 a - a +1 cloak (worn)
 c - +0 steam dragon scales (worn)
 f - a +2 hat of stealth (worn)
 r - a +0 cloak
 C - a +2 pair of gloves of strength (worn)
Jewellery
 m - a +3 ring of intelligence (left hand)
 n - a +3 ring of protection (right hand)
 z - the amulet "Beyph" (around neck) {Regen+ rCorr Str+2}
   (You acquired it in the Dungeon)

   [amulet of regeneration]

   It affects your strength (+2).
   It increases your rate of health regeneration.
   It protects you from acid and corrosion.
 A - the ring "Nun Josh" {*Corrode Str+10 Dex+6}
   (You found it in the Dungeon)

   [ring of dexterity]

   It affects your strength (+10).
   It affects your dexterity (+6).
   It may corrode you when you take damage.
Wands
 B - a wand of paralysis (9)
Scrolls
 i - 4 scrolls of enchant weapon
 j - 5 scrolls of amnesia
 t - 2 scrolls of fog
 v - a scroll of blinking
 w - 2 scrolls of enchant armour
 y - a scroll of identify
Potions
 d - 8 potions of curing
 e - 11 potions of heal wounds
 g - 3 potions of magic
 h - 3 potions of berserk rage
 o - a potion of might
 p - 4 potions of resistance
 q - 2 potions of mutation
 u - 2 potions of brilliance
Miscellaneous
 D - a condenser vane
 E - a lightning rod (4/4)


   Skills:
 + Level 0.4(0.5) Short Blades
 + Level 0.3(0.5) Long Blades
 + Level 0.2 Maces & Flails
 + Level 0.2 Polearms
 + Level 0.2(0.4) Slings
 + Level 0.6 Bows
 + Level 0.3 Crossbows
 + Level 0.4(0.5) Throwing
 - Level 5.5 Dodging
 - Level 3.8 Stealth
 + Level 0.2 Shields
 O Level 27 Spellcasting
 + Level 6.4 Conjurations
 + Level 0.8 Hexes
 + Level 0.4 Summonings
 + Level 0.5 Necromancy
 + Level 0.4 Translocations
 - Level 1.9 Transmutations
 * Level 15.3 Fire Magic
 + Level 0.4 Ice Magic
 - Level 26.3 Earth Magic
 + Level 0.7 Poison Magic
 + Level 0.7 Invocations
 + Level 0.7 Evocations


You had 18 spell levels left.
You knew the following spells:

 Your Spells              Type           Power      Damage    Failure   Level
a - Sandblast             Erth           100%       2d20      0%          1
b - Passwall              Tmut/Erth      77%        N/A       0%          2
c - Stone Arrow           Conj/Erth      100%       3d13      0%          3
d - Lee's Rapid Deconstr  Erth           59%        3d28*     0%          5
e - Petrify               Tmut/Erth      93%        N/A       0%          4
f - Lightning Bolt        Conj/Air       29%        1d46      1%          5
g - Fireball              Conj/Fire      42%        3d17      1%          5
h - Iron Shot             Conj/Erth      49%        9d9       1%          6
i - Shatter               Erth           59%        3d44*     1%          9
j - Fire Storm            Conj/Fire      42%        8d11      80%         9

Your spell library contained the following spells:

 Spells                   Type           Power      Damage    Failure   Level
 Tornado                  Air            21%        N/A       100%        9
 Freeze                   Ice            100%       1d11      1%          1
 Magic Dart               Conj           100%       1d8       1%          1
 Summon Small Mammal      Summ           100%       N/A       1%          1
 Call Imp                 Summ           46%        N/A       1%          2
 Ensorcelled Hibernation  Hex/Ice        94%        N/A       1%          2
 Searing Ray              Conj           100%       3d7       1%          2
 Call Canine Familiar     Summ           46%        N/A       1%          3
 Dazzling Flash           Conj/Hex       100%       N/A       1%          3
 Summon Guardian Golem    Hex/Summ       47%        N/A       1%          3
 Fulminant Prism          Conj/Hex       30%        3d16      1%          4
 Iskenderun's Mystic Bla  Conj/Tloc      60%        2d13      1%          4
 Summon Ice Beast         Ice/Summ       46%        N/A       4%          4
 Summon Lightning Spire   Summ/Air       44%        N/A       4%          4


Dungeon Overview and Level Annotations

Branches:
Dungeon (1/1)

Altars:
Ashenzari
Cheibriados
Dithmenos
Elyvilon
Fedhas
Gozag
Hepliaklqana
Kikubaaqudgha
Makhleb
Nemelex Xobeh
Okawaru
Qazlal
Ru
Sif Muna
Trog
Uskayaw
Vehumet
Wu Jian
Xom
Yredelemnul
Zin
The Shining One
Beogh
Jiyva
Lugonu


Message History

The blast of metal fragments hits the Ice Fiend!
The Ice Fiend is moderately wounded.
The Ice Fiend calls on the powers of darkness!
Your body is wracked with pain!
Unknown command.
Unknown command.
Unknown command.
Casting: Lee's Rapid Deconstruction (safe; 0% risk of failure)
Confirm with . or Enter, or press ? or * to list all spells.
Aiming: Lee's Rapid Deconstruction (safe; 0% risk of failure)
Press: ? - help, Dir - move target A metal wall.
The metal wall shatters!
The blast of metal fragments hits the Ice Fiend!!
The Ice Fiend is heavily wounded.
The Ice Fiend misses you. The Ice Fiend closely misses you.
Unknown command.
Unknown command.
Casting: Lee's Rapid Deconstruction (safe; 0% risk of failure)
Confirm with . or Enter, or press ? or * to list all spells.
Aiming: Lee's Rapid Deconstruction (safe; 0% risk of failure)
Press: ? - help, Dir - move target A metal wall.
The metal wall shatters!
The blast of metal fragments hits the Ice Fiend!!
The Ice Fiend is severely wounded.
The Ice Fiend gestures at you. The bolt of cold misses you.
Unknown command.
Unknown command.
Casting: Lee's Rapid Deconstruction (safe; 0% risk of failure)
Confirm with . or Enter, or press ? or * to list all spells.
Aiming: Lee's Rapid Deconstruction (safe; 0% risk of failure)
Press: ? - help, Dir - move target A metal wall.
The metal wall shatters!
The blast of metal fragments hits the Ice Fiend!!
The Ice Fiend is almost dead.
The Ice Fiend claws you! The Ice Fiend freezes you!!
You die...

#+# #.# #1# #@#
#'# #.# #'#
################'#
.................#
[................#
[##############..#
[[..#[['...'[[#..#


You could see an Ice Fiend.

Vanquished Creatures
  Gastronok (D)
  A deep elf blademaster (D)
  A death cob (D)
  A rockslime (D)
  A draconian shifter (D)
  2 orc warlords (D)
  An emperor scorpion (D)
  A green draconian (D)
  A dire elephant (D)
  An eidolon (D)
  A fire dragon (D)
  2 vault guards (D)
  2 naga warriors (D)
  2 hydras (D)
  2 catoblepae (D)
  A death knight (D)
  2 two-headed ogres (D)
  A centaur warrior (D)
  An alligator (D)
  4 deep elf knights (D)
  A soul eater (D)
  2 sixfirhies (D)
  A shadow wraith (D)
  2 sea snakes (D)
  2 swamp dragons (D)
  A wizard (D)
  A deep elf pyromancer (D)
  5 deep elf zephyrmancers (D)
  4 harpies (D)
  10 orc knights (D)
  2 manticores (D)
  A black mamba (shapeshifter) (D)
  A guardian serpent (D)
  An eye of devastation (D)
  A black mamba (D)
  An orange demon (D)
  2 efreet (D)
  An unseen horror (shapeshifter) (D)
  A komodo dragon (D)
  3 unseen horrors (D)
  A demonic crawler (D)
  2 trolls (D)
  An ice devil (D)
  A red devil (D)
  A jumping spider (D)
  A hornet (D)
  2 wandering mushrooms (D)
  2 flying skulls (D)
  A wraith (D)
  2 redbacks (D)
  A tarantella (D)
  A vampire (D)
  6 yaks (D)
  2 ynoxinuls (D)
  A wyvern (D)
  4 vampire mosquitoes (D)
  2 steam dragons (D)
  A warg (D)
  Duvessa (D)
  A water moccasin (D)
  A floating eye (D)
  An ice beast (D)
  A sky beast (shapeshifter) (D)
  A centaur (D)
  4 wolves (D)
  An ogre (D)
  A phantom (D)
  A gnoll sergeant (D)
  An earth elemental (D)
  Dowan (D)
  7 killer bees (D)
  A quasit (D)
  A hound (D)
  2 orc priests (D)
  Crazy Yiuf (D)
  2 jellies (D)
  A hell rat (D)
  An adder (D)
  5 gnolls (D)
  An ufetubus (D)
  An adder skeleton (D)
  A worm (D)
  5 orcs (D)
  3 ball pythons (D)
  A bat (D)
  A giant cockroach (D)
  A hobgoblin (D)
  4 jackals (D)
  A quokka (D)
  A ball python simulacrum (D)
  A ball python zombie (D)
  A frilled lizard (D)
  A jackal skeleton (D)
  2 rats (D)
165 creatures vanquished.

Vanquished Creatures (collateral kills)
  A swamp dragon (D)
1 creature vanquished.

Grand Total: 166 creatures vanquished

Notes
Turn   | Place    | Note
-------+----------+-------------------------------------------
     0 | D        | mhtbhm the Deep Elf Earth Elementalist began the quest for
                  | the Orb.
     0 | D        | Reached XP level 1. HP: 10/10 MP: 6/6
    33 | D        | Found a bloodstained altar of Trog.
    33 | D        | Found a shimmering blue altar of Sif Muna.
    33 | D        | Found a viscous altar of Jiyva.
    33 | D        | Found a hazy altar of Hepliaklqana.
    33 | D        | Found an opulent altar of Gozag.
    34 | D        | Found a glowing golden altar of the Shining One.
    34 | D        | Found a glowing silver altar of Zin.
    34 | D        | Found a basalt altar of Yredelemnul.
    34 | D        | Found a shimmering altar of Xom.
    34 | D        | Found an ornate altar of the Wu Jian Council.
    34 | D        | Found a sacrificial altar of Ru.
    34 | D        | Found a stormy altar of Qazlal.
    34 | D        | Found an iron altar of Okawaru.
    34 | D        | Found a sparkling altar of Nemelex Xobeh.
    34 | D        | Found a burning altar of Makhleb.
    34 | D        | Found a blossoming altar of Fedhas.
    34 | D        | Found a white marble altar of Elyvilon.
    34 | D        | Found a shadowy altar of Dithmenos.
    34 | D        | Found a snail-covered altar of Cheibriados.
    36 | D        | Found a radiant altar of Vehumet.
    36 | D        | Found a corrupted altar of Lugonu.
    37 | D        | Found a hide-covered altar of Uskayaw.
    37 | D        | Found an ancient bone altar of Kikubaaqudgha.
    37 | D        | Found a broken altar of Ashenzari.
    44 | D        | Became a worshipper of Vehumet
    91 | D        | Reached XP level 2. HP: 5/15 MP: 3/8
    92 | D        | Reached * piety under Vehumet
    92 | D        | Offered knowledge of Foxfire by Vehumet.
    93 | D        | Reached skill level 4 in Spellcasting
   283 | D        | Learned a level 2 spell: Passwall
   428 | D        | Offered knowledge of Freeze by Vehumet.
   428 | D        | Reached ** piety under Vehumet
   429 | D        | Reached skill level 5 in Earth Magic
   460 | D        | Reached skill level 5 in Spellcasting
   460 | D        | Reached XP level 3. HP: 19/19 MP: 9/12
   466 | D        | Learned a level 3 spell: Stone Arrow
   526 | D        | Noticed Dowan
   538 | D        | Killed Dowan
   538 | D        | Reached *** piety under Vehumet
   538 | D        | Noticed Duvessa
   539 | D        | Reached skill level 7 in Spellcasting
   539 | D        | Reached XP level 4. HP: 24/24 MP: 8/15
   614 | D        | Killed Duvessa
   614 | D        | Offered knowledge of Conjure Flame by Vehumet.
   615 | D        | Reached skill level 9 in Spellcasting
   615 | D        | Reached XP level 5. HP: 28/28 MP: 9/18
   674 | D        | Learned a level 5 spell: Lee's Rapid Deconstruction
   679 | D        | Learned a level 4 spell: Petrify
   787 | D        | Offered knowledge of Airstrike by Vehumet.
   787 | D        | Reached **** piety under Vehumet
   787 | D        | Noticed a flying skull
   789 | D        | Killed a flying skull
   790 | D        | Reached skill level 11 in Spellcasting
   790 | D        | Reached skill level 10 in Earth Magic
   790 | D        | Reached XP level 6. HP: 32/32 MP: 6/22
   791 | D        | Reached ***** piety under Vehumet
   792 | D        | Reached skill level 12 in Spellcasting
  1027 | D        | Offered knowledge of Sticky Flame by Vehumet.
  1130 | D        | Noticed Gastronok
  1146 | D        | Killed Gastronok
  1147 | D        | Reached skill level 17 in Spellcasting
  1147 | D        | Reached skill level 5 in Conjurations
  1147 | D        | Reached XP level 7. HP: 35/36 MP: 23/29
  1147 | D        | Reached XP level 8. HP: 39/41 MP: 24/31
  1147 | D        | Reached XP level 9. HP: 43/45 MP: 24/32
  1162 | D        | Offered knowledge of Iskenderun's Battlesphere by Vehumet.
  1247 | D        | Noticed a troll
  1247 | D        | Noticed an efreet
  1251 | D        | Killed an efreet
  1252 | D        | Reached skill level 18 in Spellcasting
  1252 | D        | Reached skill level 15 in Earth Magic
  1271 | D        | Killed a troll
  1522 | D        | Noticed a manticore
  1524 | D        | Killed a manticore
  1562 | D        | Noticed an orange demon
  1563 | D        | Killed an orange demon
  1563 | D        | Offered knowledge of Lightning Bolt by Vehumet.
  1725 | D        | Learned a level 5 spell: Lightning Bolt
  1731 | D        | Noticed a sea snake
  1734 | D        | Killed a sea snake
  1735 | D        | Reached skill level 19 in Spellcasting
  1735 | D        | Reached XP level 10. HP: 50/50 MP: 26/35
  1909 | D        | Noticed a wizard
  1920 | D        | Killed a wizard
  2067 | D        | Noticed a harpy
  2067 | D        | Noticed a harpy
  2067 | D        | Noticed a harpy
  2067 | D        | Noticed a harpy
  2068 | D        | Killed a harpy
  2069 | D        | Reached skill level 20 in Spellcasting
  2069 | D        | Killed a harpy
  2069 | D        | Reached ****** piety under Vehumet
  2070 | D        | Killed a harpy
  2070 | D        | Offered knowledge of Yara's Violent Unravelling by Vehumet.
  2070 | D        | Killed a harpy
  2288 | D        | Killed a shadow wraith
  2289 | D        | Reached skill level 21 in Spellcasting
  2350 | D        | Reached skill level 5 in Dodging
  2350 | D        | Noticed a deep elf zephyrmancer
  2351 | D        | Killed a deep elf zephyrmancer
  2351 | D        | Offered knowledge of Ozocubu's Refrigeration by Vehumet.
  2351 | D        | Noticed a swamp dragon
  2352 | D        | Reached XP level 11. HP: 54/54 MP: 20/38
  2353 | D        | Killed a swamp dragon
  2357 | D        | Noticed a two-headed ogre
  2359 | D        | Killed a two-headed ogre
  2606 | D        | Noticed a sea snake
  2608 | D        | Killed a sea snake
  2609 | D        | Reached skill level 22 in Spellcasting
  2617 | D        | Offered knowledge of Fireball by Vehumet.
  2885 | D        | Learned a level 5 spell: Fireball
  2891 | D        | Noticed a death cob
  2892 | D        | Reached skill level 1 in Fire Magic
  2892 | D        | Noticed Crazy Yiuf
  2898 | D        | Killed Crazy Yiuf
  2899 | D        | Noticed a seven-headed hydra
  2902 | D        | Killed a seven-headed hydra
  2906 | D        | Killed a death cob
  2907 | D        | Reached skill level 23 in Spellcasting
  2908 | D        | Offered knowledge of Conjure Ball Lightning by Vehumet.
  2912 | D        | Reached skill level 5 in Fire Magic
  3194 | D        | Offered knowledge of Iron Shot by Vehumet.
  3443 | D        | Got the +7 battleaxe of Kilawuoc {flame, rCorr Int+3 Dex+4}
  3452 | D        | Learned a level 6 spell: Iron Shot
  3455 | D        | Acquired the amulet "Beyph" {Regen+ rCorr Str+2}
  3460 | D        | Acquired a +2 pair of gloves of strength
  3482 | D        | Acquired a book of Conjurations
  3681 | D        | Noticed a deep elf zephyrmancer
  3684 | D        | Killed a deep elf zephyrmancer
  3687 | D        | Noticed a two-headed ogre
  3689 | D        | Killed a two-headed ogre
  3690 | D        | Reached XP level 12. HP: 28/59 MP: 28/41
  3695 | D        | Offered knowledge of Fire Storm by Vehumet.
  3695 | D        | Offered knowledge of Shatter by Vehumet.
  3695 | D        | Offered knowledge of Tornado by Vehumet.
  4095 | D        | Learned a level 9 spell: Shatter
  4105 | D        | Learned a level 9 spell: Fire Storm
  4313 | D        | Reached skill level 24 in Spellcasting
  4594 | D        | Noticed a catoblepas
  4594 | D        | Noticed a green draconian
  4594 | D        | Noticed a dire elephant
  4594 | D        | Noticed a death knight
  4594 | D        | Noticed a centaur warrior
  4594 | D        | Noticed an emperor scorpion
  4598 | D        | Killed a catoblepas
  4598 | D        | Killed a green draconian
  4600 | D        | Killed a death knight
  4600 | D        | Killed a dire elephant
  4602 | D        | Killed a centaur warrior
  4603 | D        | Reached skill level 25 in Spellcasting
  4604 | D        | Killed an emperor scorpion
  4685 | D        | Got the ring "Nun Josh" {*Corrode Str+10 Dex+6}
  4798 | D        | Noticed a catoblepas
  4802 | D        | Killed a catoblepas
  4803 | D        | Reached skill level 10 in Fire Magic
  4803 | D        | Noticed a fire dragon
  4807 | D        | Killed a fire dragon
  4810 | D        | Reached XP level 13. HP: 22/63 MP: 10/44
  4812 | D        | Paralysed by a floating eye for 4 turns
  4823 | D        | Reached skill level 26 in Spellcasting
  5196 | D        | Found the +10 dark maul {vorpal}
  5211 | D        | Got the Tome of the Snowflakes
  5383 | D        | Noticed an orc warlord
  5384 | D        | Noticed an orc warlord
  5392 | D        | Reached skill level 27 in Spellcasting
  5394 | D        | Killed an orc warlord
  5397 | D        | Killed an orc warlord
  5830 | D        | Noticed a deep elf blademaster
  5830 | D        | Noticed a purple draconian shifter
  5831 | D        | Noticed an eidolon
  5833 | D        | Killed a deep elf blademaster
  5835 | D        | Killed a purple draconian shifter
  5836 | D        | Reached XP level 14. HP: 68/68 MP: 30/47
  6039 | D        | Upgraded the game from 0.27-a0-1137-g3ef0f4ec91 to
                  | 0.27-a0-1139-g28e009f8a6
  6075 | D        | Noticed a rockslime
  6082 | D        | Killed a rockslime
  6083 | D        | Reached skill level 15 in Fire Magic
  6152 | D        | Noticed an Ice Fiend
  6157 | D        | Slain by an Ice Fiend

Illustrated notes

Levels and vault maps discovered:
D:        pitsprint [storerooms_1, entrance_room_1, metal_vault_6, armoury_2,
          mini_pit_1, grid_room_1, main_hall_1, silver_pit, the_coven_3,
          the_vestibule_1, steel_vault_3, golden_pit, hallway_of_sentries,
          crystal_vault_1, iron_vault_1, final_vault]

Skill      XL: |  1  2  3  4  5  6  7  8  9 10 11 12 13 14 |
---------------+-------------------------------------------+-----
Earth Magic    | 4 6 7 9 10 14 16 18 21 23 26 | 26.3
Stealth        | 3 |  3.8
Spellcasting   | 5 7 9 11 17 19 21 23 25 27 | 27.0
Dodging        | 3 4 5 |  5.5
Conjurations   | 2 3 5 6 |  6.4
Fire Magic     | 6 10 14 15 | 15.3
Short Blades   | |  0.4
Long Blades    | |  0.3
Maces & Flails | |  0.2
Polearms       | |  0.2
Slings         | |  0.2
Bows           | |  0.6
Crossbows      | |  0.3
Throwing       | |  0.4
Shields        | |  0.2
Hexes          | |  0.8
Summonings     | |  0.4
Necromancy     | |  0.5
Translocations | |  0.4
Transmutations | |  1.9
Ice Magic      | |  0.4
Poison Magic   | |  0.7
Invocations    | |  0.7
Evocations     | |  0.7

Action                   |  1- 3 |  4- 6 |  7- 9 | 10-12 | 13-15 || total
-------------------------+-------+-------+-------+-------+-------++-------
Melee: Quarterstaff      |     1 |       |       |       |       ||     1
       Halberd           |       |       |       |     1 |       ||     1
 Cast: Sandblast         |    15 |     3 |       |     5 |     1 ||    24
       Stone Arrow       |     2 |     2 |     1 |     1 |     1 ||     7
       Lee's Rapid Decon |       |     9 |    14 |    83 |    53 ||   159
       Fireball          |       |       |       |     1 |     4 ||     5
       Lightning Bolt    |       |       |       |     1 |       ||     1
       Petrify           |       |       |       |     1 |     1 ||     2
       Iron Shot         |       |       |       |       |     1 ||     1
  Use: Potion            |       |     6 |       |     2 |     4 ||    12
       Scroll            |       |       |       |     4 |     3 ||     7
Armor: Robe              |     2 |       |     1 |     5 |     4 ||    12
Dodge: Dodged            |     7 |     1 |     2 |    11 |     6 ||    27

Table legend: (Time is in decaauts)
 A = Elapsed time spent in this place.
 B = Non-inter-level travel time spent in this place.
 C = Inter-level travel time spent in this place.
 D = Time resting spent in this place.
 E = Time spent auto-exploring this place.
 F = Levels seen in this place.
 G = Mean time per level.
                   A        B        C        D        E       F      G
               +--------+--------+--------+--------+--------+-----+--------+
         Total |   6133 |   6133 |      0 |   4487 |     28 |   1 | 6133.0 |
       Dungeon |   6133 |   6133 |      0 |   4487 |     28 |   1 | 6133.0 |
               +--------+--------+--------+--------+--------+-----+--------+

Top non-repeatable levels by time:
       D: 6133 daAuts
